 Dungeon Crawl Stone Soup version 0.29.1-1-gd02db6906a (webtiles) character file.

Game seed: 6946082730114390450

17794 Godmorgon the Stormcaller (level 12, -5/66 HPs)
             Began as a Tengu Conjurer on Oct 12, 2022.
             Was a Priest of Vehumet.
             Slain by a six-headed hydra (13 damage)
             ... on level 2 of the Lair of Beasts.
             The game lasted 01:11:10 (18480 turns).

Godmorgon the Stormcaller (Tengu Conjurer)         Turns: 18480, Time: 01:11:10

Health: -5/66      AC: 11    Str:  8    XL:     12   Next: 51%
Magic:  18/26      EV: 13    Int: 29    God:    Vehumet [***...]
Gold:   471        SH:  5    Dex: 13    Spells: 16/29 levels left

rFire   + . .      SeeInvis .   a - +9 war axe of the Feather {vorpal, rF+ rCorr}
rCold   . . .      Faith    .   k - +0 buckler
rNeg    . . .      Spirit   .   p - +2 ring mail {rPois}
rPois   +          Reflect  .   (helmet restricted)
rElec   .          Harm     .   K - +1 cloak
rCorr   +          Rampage  .   N - +0 pair of gloves
Will    .....                   (boots unavailable)
Stlth   +.........              l - amulet of the acrobat
HPRegen 0.21/turn               g - +6 ring of intelligence
MPRegen 0.20/turn               A - +4 ring of slaying

@: flying quickly and evasively, quick
A: beak, talons 3, nimble flight
a: Renounce Religion


You were on level 2 of the Lair of Beasts.
You worshipped Vehumet.
Vehumet was most pleased with you.
You visited 3 branches of the dungeon, and saw 14 of its levels.

You collected 833 gold pieces.
You spent 362 gold pieces at shops.

Inventory:

Hand Weapons
 a - the +9 war axe of the Feather (weapon) {vorpal, rF+ rCorr}
   (You found it on level 3 of the Dungeon)

   It inflicts extra damage upon your enemies.
   rF:        It protects you from fire.
   rCorr:     It protects you from acid and corrosion.
 b - a +2 rapier of freezing
Missiles
 q - 20 poisoned darts (quivered)
 t - a throwing net
 P - a curare-tipped dart
Armour
 k - a +0 buckler (worn)
 p - a +2 ring mail of poison resistance (worn)
 K - a +1 cloak (worn)
 N - a +0 pair of gloves (worn)
Jewellery
 g - a +6 ring of intelligence (left hand)
 l - an amulet of the acrobat (around neck)
 A - a +4 ring of slaying (right hand)
Wands
 h - a wand of mindburst (12)
 m - a wand of charming (29)
 F - a wand of roots (5)
 I - a wand of flame (6)
Scrolls
 f - 4 scrolls of immolation
 n - 3 scrolls of fear
 r - 3 scrolls of poison
 u - 3 scrolls of blinking
 v - 3 scrolls of magic mapping {unknown}
 w - a scroll of fog {unknown}
 x - 6 scrolls of teleportation
 y - a scroll of acquirement {unknown}
 C - a scroll of summoning {unknown}
 E - a scroll of amnesia {unknown}
 L - 3 scrolls of vulnerability {unknown}
Potions
 c - 2 potions of resistance {unknown}
 d - 4 potions of haste
 e - 4 potions of invisibility
 i - 8 potions of curing
 j - a potion of brilliance
 o - a potion of lignification {unknown}
 s - a potion of mutation {unknown}
 z - 3 potions of heal wounds {unknown}
 B - a potion of magic
 D - 5 potions of degeneration {unknown}
 G - 5 potions of berserk rage
 H - a potion of might {unknown}
Miscellaneous
 M - a condenser vane


   Skills:
 + Level 3.9 Fighting
 + Level 4.3 Armour
 - Level 5.0 Dodging
 - Level 2.0 Stealth
 - Level 5.0 Shields
 * Level 9.1 Spellcasting
 + Level 12.7 Conjurations
 + Level 2.9 Fire Magic
 + Level 15.1 Air Magic
 + Level 3.5 Poison Magic


You had 16 spell levels left.
You knew the following spells:

 Your Spells              Type           Power      Damage    Failure   Level
a - Airstrike             Air            39%        2d(6-22)  1%          4
d - Magic Dart            Conj           100%       1d8       1%          1
i - Ignite Poison         Fire/Tmut/Pois 25%        N/A       5%          3
m - Mephitic Cloud        Conj/Pois/Air  65%        N/A       1%          3
s - Searing Ray           Conj           100%       2d8       1%          2

Your spell library contained the following spells:

 Spells                   Type           Power      Damage    Failure   Level
 Shock                    Conj/Air       100%       1d9       1%          1
 Dazzling Flash           Conj/Hex       100%       N/A       1%          3
 Swiftness                Air            79%        N/A       1%          3
 Freezing Cloud           Conj/Ice/Air   30%        6-21      2%          5
 Fulminant Prism          Conj/Hex       25%        3d14      3%          4
 Hailstorm                Conj/Ice       50%        3d11      3%          4
 Iskenderun's Mystic Bla  Conj/Tloc      50%        2d11      3%          4
 Freeze                   Ice            52%        1d7       4%          1
 Frozen Ramparts          Ice            26%        1d4       12%         3
 Apportation              Tloc           26%        N/A       16%         1
 Necrotise                Necr           52%        1d6       16%         1
 Summon Small Mammal      Summ           52%        N/A       16%         1
 Ice Form                 Ice/Tmut       13%        N/A       83%         4
 Summon Ice Beast         Ice/Summ       13%        N/A       83%         4


Dungeon Overview and Level Annotations

Branches:
Dungeon (10/15)            Temple (1/1) D:7            Lair (3/5) D:10
  Swamp (0/4) Lair:2        Snake (0/4) Lair:2          Orc (0/2) D:9

Altars:
Ashenzari
Cheibriados
Dithmenos
Elyvilon
Fedhas
Gozag
Hepliaklqana
Kikubaaqudgha
Makhleb
Nemelex Xobeh
Okawaru
Qazlal
Ru
Sif Muna
Trog
Uskayaw
Vehumet
Wu Jian
Xom
Yredelemnul
Zin
The Shining One

Shops:
D:3 [   D:5 (

Annotations:
D:5 2 transporters, miserystealer's ghost, novice PaAK


Innate Abilities, Weirdness & Mutations

You have a beak for a mouth.
You have claws for feet.
Your magical nature lets you fly swiftly and evasively.


Message History

Magic restored.
You start resting.
HP restored.
You see here an elephant corpse.
There is a stone staircase leading down here.
You fly downwards.
The elephant tramples you.
You are shoved backwards!
The six-headed hydra bites you but does no damage.
The six-headed hydra closely misses you.
The six-headed hydra barely misses you. The six-headed hydra bites you.
The six-headed hydra misses you. The six-headed hydra barely misses you.
The elephant closely misses you.
The elephant trunk-slaps you but does no damage.
You can't go up here!
There is a stone staircase leading up, spattered with blood here.
Casting: Searing Ray (safe; 1% risk of failure)
Confirm with . or Enter, or press ? or * to list all spells.
Okay, then.
The six-headed hydra bites you but does no damage.
The six-headed hydra bites you! x2; The six-headed hydra misses you.
The six-headed hydra bites you. The six-headed hydra bites you!
You fly upwards.
There is a stone staircase leading down here.
Casting: Searing Ray (safe; 1% risk of failure)
Confirm with . or Enter, or press ? or * to list all spells.
Aiming: Airstrike (safe; 1% risk of failure)
Press: ? - help, Dir - move target, f - six-headed hydra
Aim: a six-headed hydra (empty space bonus: 8/8)
The air twists around and strikes the six-headed hydra!!
The six-headed hydra is heavily wounded.
Casting: Airstrike (safe; 1% risk of failure)
Confirm with . or Enter, or press ? or * to list all spells.
Aiming: Airstrike (safe; 1% risk of failure)
Press: ? - help, Dir - move target, f/p - six-headed hydra
Aim: a six-headed hydra (heavily wounded, empty space bonus: 7/8)
The air twists around and strikes the six-headed hydra!
The six-headed hydra is severely wounded.
The six-headed hydra bites you. The six-headed hydra bites you! x2
* * * LOW HITPOINT WARNING * * *
The six-headed hydra bites you!
You die...

...#..Y....#...#
###..#..###..
.P##....[..#..##
##.>#....#....
.#####...######
##.......†..... .#
#......#
##.............. .##
#....###
###....#..P##.#.##
..# ##...#
##.....#.#########
.## #....# #.....####
.# #....# ##.D...#
#### .# ###.##
##..@.### #####..##
.# #### ##.#....#
##.......# .##
#P####.#...###
##........# ..#
##...####...#
##.......... .##
#...## #...##
##........>.. ..##
#...# #.)..#
#............
.#.###...#
##....####...........
P####....#
#.....#P#............
Y.# ##..[#
##...##...........♣♣♣


You could see a six-headed hydra.

Vanquished Creatures
  A hydra (Lair:1)
  3 two-headed ogres
  Pikel (D:9)
  4 elephants
  5 cane toads
  5 komodo dragons
  A kobold demonologist (D:9)
  A rime drake (Lair:2)
  2 trolls
  2 hornets
  5 blink frogs (Lair:3)
  A wraith (D:10)
  2 shadows
  A wyvern (D:10)
  11 yaks
  2 steam dragons
  2 wargs (D:9)
  3 swamp worms (Lair:2)
  3 nagas (Lair:2)
  An acid dragon (D:9)
  3 water moccasins
  6 orc warriors
  A sky beast (D:8)
  2 ice beasts (D:5)
  3 black bears
  5 ogres
  7 wolves
  A centaur (D:9)
  4 lemures (D:9)
  2 phantoms (D:6)
  2 kobold brigands
  14 bullfrogs
  A gnoll sergeant (D:4)
  4 scorpions
  4 killer bees (D:8)
  3 electric eels
  2 howler monkeys
  3 hounds
  5 orc priests
  A gnoll bouda (D:9)
  Terence (D:3)
  4 iguanas
  10 orc wizards
  8 gnolls
  10 adders
  An ufetubus (D:6)
  A worm (D:2)
  3 dart slugs
  44 orcs
  6 ball pythons
  12 endoplasms
  2 giant cockroaches (D:3)
  6 goblins
  5 hobgoblins
  16 jackals
  20 kobolds
  6 quokkas
  3 bats
  3 frilled lizards
  4 rats
  A spectral orc (D:9)
295 creatures vanquished.

Vanquished Creatures (others)
  17 fungi
  41 plants
58 creatures vanquished.

Grand Total: 353 creatures vanquished

Notes
Turn   | Place    | Note
-------+----------+-------------------------------------------
     0 | D:1      | Godmorgon the Tengu Conjurer began the quest for the Orb.
     0 | D:1      | Reached XP level 1. HP: 10/10 MP: 4/4
   223 | D:1      | Reached XP level 2. HP: 15/15 MP: 3/6
   226 | D:1      | Learned a level 2 spell: Searing Ray
   300 | D:1      | Reached skill level 1 in Air Magic
   927 | D:2      | Reached XP level 3. HP: 19/19 MP: 7/7
   965 | D:2      | Found Wirghux's Magic Scroll Shop.
   972 | D:2      | Bought a scroll of identify for 22 gold pieces
   981 | D:2      | Reached skill level 2 in Air Magic
  1316 | D:2      | Reached XP level 4. HP: 24/24 MP: 5/8
  1389 | D:2      | Learned a level 4 spell: Airstrike
  1662 | D:2      | Reached skill level 3 in Air Magic
  2430 | D:3      | Found a stormy altar of Qazlal.
  2430 | D:3      | Noticed Terence
  2436 | D:3      | Killed Terence
  2437 | D:3      | Reached skill level 1 in Shields
  2437 | D:3      | Gained mutation: Your magical nature lets you fly swiftly
                  | and evasively. [Tengu growth]
  2437 | D:3      | Reached XP level 5. HP: 28/28 MP: 1/10
  2548 | D:3      | Found Hucuran's Antique Armour Shoppe.
  2723 | D:3      | Identified the +9 war axe of the Feather {vorpal, rF+
                  | rCorr}
  3198 | D:4      | Found a blossoming altar of Fedhas.
  3199 | D:4      | Noticed a black bear
  3218 | D:4      | Killed a black bear
  3219 | D:4      | Reached skill level 4 in Air Magic
  3219 | D:4      | Reached XP level 6. HP: 32/32 MP: 2/11
  3679 | D:4      | Reached skill level 5 in Air Magic
  3679 | D:4      | Reached XP level 7. HP: 36/36 MP: 7/13
  4528 | D:2      | Bought a scroll of teleportation for 33 gold pieces
  4528 | D:2      | Bought a scroll of poison for 44 gold pieces
  4528 | D:2      | Bought a scroll of immolation for 44 gold pieces
  4528 | D:2      | Bought a scroll of identify for 22 gold pieces
  4568 | D:5      | Entered Level 5 of the Dungeon
  4579 | D:5      | Reached skill level 6 in Air Magic
  4785 | D:5      | Reached XP level 8. HP: 41/41 MP: 8/14
  4905 | D:5      | Reached skill level 7 in Air Magic
  5060 | D:5      | Found a transporter.
  5063 | D:5      | Noticed miserystealer's ghost (novice PaAK)
  5173 | D:5      | Found a transporter.
  5269 | D:5      | Reached skill level 5 in Shields
  5391 | D:5      | Found Linkuuj's Weapon Boutique.
  5460 | D:5      | Found a broken altar of Ashenzari.
  5651 | D:6      | Found a shadowy altar of Dithmenos.
  5771 | D:6      | Reached skill level 8 in Air Magic
  6610 | D:6      | Reached XP level 9. HP: 45/45 MP: 4/17
  7195 | D:7      | Noticed a two-headed ogre
  7277 | D:7      | Killed a two-headed ogre
  7278 | D:7      | Reached skill level 5 in Spellcasting
  7278 | D:7      | Reached skill level 9 in Air Magic
  7362 | D:7      | Found an iron altar of Okawaru.
  7379 | D:7      | Found a staircase to the Ecumenical Temple.
  7385 | Temple   | Entered the Ecumenical Temple
  7429 | Temple   | Became a worshipper of Vehumet
  7595 | D:7      | Reached skill level 10 in Air Magic
  8319 | D:7      | Noticed a hornet
  8333 | D:7      | Killed a hornet
  8580 | D:7      | Reached skill level 11 in Air Magic
  9027 | D:2      | Bought a scroll of enchant armour for 82 gold pieces
  9027 | D:2      | Bought a scroll of enchant weapon for 82 gold pieces
  9027 | D:2      | Bought a scroll of teleportation for 33 gold pieces
  9155 | D:8      | Noticed a hornet
  9157 | D:8      | Killed a hornet
  9158 | D:8      | Reached skill level 10 in Conjurations
  9304 | D:8      | Found a glowing golden altar of the Shining One.
  9355 | D:8      | Found a bloodstained altar of Trog.
  9359 | D:8      | Reached XP level 10. HP: 33/50 MP: 20/20
  9719 | D:8      | Found an opulent altar of Gozag.
 10008 | D:8      | Reached skill level 12 in Air Magic
 10117 | D:8      | Reached * piety under Vehumet
 10117 | D:8      | Offered knowledge of Foxfire by Vehumet.
 10478 | D:8      | Found an ornate altar of the Wu Jian Council.
 10597 | D:9      | Noticed a kobold demonologist
 10600 | D:9      | Killed a kobold demonologist
 10708 | D:9      | Found a shimmering blue altar of Sif Muna.
 10878 | D:9      | Found a staircase to the Orcish Mines.
 11084 | D:9      | Noticed a two-headed ogre
 11089 | D:9      | Killed a two-headed ogre
 11090 | D:9      | Reached skill level 13 in Air Magic
 11205 | D:9      | Reached ** piety under Vehumet
 11206 | D:9      | Offered knowledge of Scorch by Vehumet.
 11516 | D:9      | Noticed Pikel
 11529 | D:9      | Killed Pikel
 11701 | D:9      | Reached XP level 11. HP: 54/54 MP: 18/23
 11843 | D:9      | Found a white marble altar of Elyvilon.
 11924 | D:9      | Found a basalt altar of Yredelemnul.
 12050 | D:10     | Entered Level 10 of the Dungeon
 12053 | D:10     | Found a sacrificial altar of Ru.
 12061 | D:10     | Found a staircase to the Lair.
 12069 | D:10     | Reached skill level 14 in Air Magic
 12324 | D:10     | Reached skill level 1 in Armour
 12392 | D:10     | Reached skill level 1 in Fighting
 13224 | D:10     | Offered knowledge of Mephitic Cloud by Vehumet.
 13295 | D:10     | Noticed a two-headed ogre
 13392 | D:10     | Killed a two-headed ogre
 13673 | D:10     | Learned a level 3 spell: Mephitic Cloud
 13767 | Lair:1   | Entered Level 1 of the Lair of Beasts
 14136 | Lair:1   | Noticed a five-headed hydra
 14147 | Lair:1   | Killed a five-headed hydra
 14148 | Lair:1   | Reached skill level 1 in Poison Magic
 14577 | Lair:1   | Reached *** piety under Vehumet
 14946 | Lair:1   | Learned a level 3 spell: Ignite Poison
 15260 | Lair:2   | Reached skill level 1 in Fire Magic
 15744 | Lair:2   | Reached XP level 12. HP: 64/64 MP: 20/25
 16069 | Lair:2   | Found a staircase to the Swamp.
 16767 | Lair:2   | Found a staircase to the Snake Pit.
 17509 | Lair:3   | Reached skill level 15 in Air Magic
 17950 | Lair:2   | Reached skill level 5 in Dodging
 18251 | Lair:3   | Noticed a six-headed hydra
 18480 | Lair:2   | Slain by a six-headed hydra

Illustrated notes

Levels and vault maps discovered:
D:1:      evilmike_arrival_plus, layout_loops_ring
D:2:      layout_loops_ring, serial_shops, shop
D:3:      layout_rooms, lemuel_crystal_altar, serial_shops, shop, st_stairs_14,
          uniq_terence
D:4:      layout_loops_ring, mainiacjoe_overflow_brackets
D:5:      layout_rooms, nicolae_overflow_hidden_temple,
          gammafunk_ghost_stat_death, serial_shops,
          nicolae_shop_bloodbath_and_beyond
D:6:      layout_layer_cave, mainiacjoe_overflow_chevrons
D:7:      layout_basic, mainiacjoe_overflow_catwalk, minmay_temple_entry_hall,
          grunt_ministairs_11
D:8:      layout_basic, nzn_wu_jian_council_hall,
          mainiacjoe_overflow_surrounded_room,
          mainiacjoe_overflow_concentric_impassable, amcnicky_altar_gilded,
          special_room [special_room_orc]
D:9:      layout_loops_ring, lemuel_round_altar, nicolae_elyvilon_temple_path,
          yredelemnul_forgotten_temple_becter, david_orc_3,
          nicolae_concentric_dashed_squares_wild, uniq_pikel
D:10:     layout_stronghold, mainiacjoe_overflow_six_doors_small,
          david_lair_shrubbed
Temple:   nicolae_temple_cloud_nine
Lair:1:   layout_cellular_growth, minivault_26
Lair:2:   layout_concentric_octagons, nicolae_swamp_entry_splash_gauntlet,
          minmay_snake_entry_guardpost_small, serial_bayou_shore_b
Lair:3:   layout_regular_city, gammafunk_ghost_hydra_chop

Skill      XL: |  1  2  3  4  5  6  7  8  9 10 11 12 |
---------------+-------------------------------------+-----
Air Magic      | 1 2 3 4 5 6 8 11 13 14 15 | 15.1
Conjurations   | 6 7 8 10 11 12 | 12.7
Shields        | 1 2 4 5 |  5.0
Spellcasting   | 3 4 6 7 8 9 |  9.1
Armour         | 3 4 |  4.3
Fighting       | 3 |  3.9
Dodging        | 4 5 |  5.0
Poison Magic   | 2 3 |  3.5
Fire Magic     | 1 2 |  2.9
Stealth        | |  2.0

Action                   |  1- 3 |  4- 6 |  7- 9 | 10-12 || total
-------------------------+-------+-------+-------+-------++-------
Melee: Dagger            |     6 |       |       |       ||     6
       Kick              |     1 |     1 |     3 |    27 ||    32
       Peck              |     1 |     1 |     2 |    18 ||    22
       War axe           |       |     7 |    13 |    77 ||    97
Throw: Dart              |       |     4 |     4 |     4 ||    12
 Cast: Magic Dart        |    10 |    15 |     6 |     1 ||    32
       Searing Ray       |    19 |    33 |    43 |    25 ||   120
       Airstrike         |       |       |    28 |   200 ||   228
  Use: Scroll            |     2 |       |     5 |     3 ||    10
 Stab: Sleeping          |       |     1 |       |       ||     1
Armor: Robe              |       |     3 |     1 |     1 ||     5
       Ring mail         |       |       |       |    29 ||    29
Dodge: Dodged            |     5 |    18 |    59 |    98 ||   180
Block: Buckler           |       |     4 |     9 |    26 ||    39
